 Dungeon Crawl Stone Soup version 0.27.1-4-g1640c2035a (webtiles) character file.

Game seed: 8231672339698230164

22 adizb the Conjurer (level 2, -1/14 HPs)
             Began as a Vine Stalker Conjurer on Nov 18, 2021.
             Slain by a quokka (3 damage)
             ... on level 1 of the Dungeon.
             The game lasted 00:04:30 (707 turns).

adizb the Conjurer (Vine Stalker Conjurer)           Turns: 707, Time: 00:04:39

Health: -1/14      AC:  2    Str:  9    XL:     2   Next: 91%
Magic:  0/6        EV: 12    Int: 18    God:
Gold:   53         SH:  0    Dex: 12    Spells: 5/6 levels left

rFire    . . .     SeeInvis .   f - +0 broad axe
rCold    . . .     Faith    .   (no shield)
rNeg     . . .     Spirit   +   a - +0 robe
rPois    .         Reflect  .   (no helmet)
rElec    .         Harm     .   (no cloak)
rCorr    .         Rampage  .   (no gloves)
Will     .....                  (no boots)
Stlth    ++........             (no amulet)
HPRegen  0.04/turn              (no ring)
MPRegen  0.10/turn              (no ring)

@: no status effects
A: fangs 2, magic shield, antimagic bite, no potion heal 2
a: no special abilities


You were on level 1 of the Dungeon.
You visited 1 branch of the dungeon, and saw 1 of its levels.

You collected 53 gold pieces.

Inventory:

Hand Weapons
 c - a +0 dagger
 f - a +0 broad axe (weapon)
Armour
 a - a +0 robe (worn)
Potions
 b - a potion of lignification {unknown}
 d - a potion of flight {unknown}
 e - a potion of degeneration {unknown}


   Skills:
 + Level 0.3 Fighting
 * Level 0.9 Armour
 - Level 1.5 Dodging
 - Level 2.4 Stealth
 + Level 0.4 Shields
 * Level 2.6 Spellcasting
 + Level 4.1 Conjurations


You had 5 spell levels left.
You knew the following spells:

 Your Spells              Type           Power      Damage    Failure   Level
a - Magic Dart            Conj           68%        1d6       3%          1

Your spell library contained the following spells:

 Spells                   Type           Power      Damage    Failure   Level
 Searing Ray              Conj           34%        3d4       4%          2
 Dazzling Flash           Conj/Hex       18%        N/A       22%         3
 Call Imp                 Summ           2%         N/A       26%         2
 Mephitic Cloud           Conj/Pois/Air  7%         N/A       28%         3
 Fulminant Prism          Conj/Hex       4%         3d6       58%         4
 Iskenderun's Mystic Bla  Conj/Tloc      9%         2d4       58%         4


Dungeon Overview and Level Annotations

Branches:
Dungeon (1/15)

Altars:


Innate Abilities, Weirdness & Mutations

You have extremely sharp teeth.
When hurt, damage is shared between your health and your magic reserves.
Your bite disrupts and absorbs the magic of your enemies.
Potions cannot restore your health.


Message History

The magic dart hits the goblin.
The goblin is severely wounded.
Aiming: Magic Dart (safe; 3% risk of failure)
Press: ? - help, Q - select action Shift-Dir - straight line, f/p - goblin
Aim: a goblin, wielding a +0 club (heavily wounded, 100% to hit)
The magic dart hits the goblin.
You kill the goblin!
A quokka comes into view.
Found a leather armour.
Aiming: Magic Dart (safe; 3% risk of failure)
Press: ? - help, Q - select action Shift-Dir - straight line, f - quokka
Aim: a quokka (100% to hit)
The magic dart hits the quokka.
The quokka is heavily wounded.
The quokka bites you but does no damage.
You barely miss the quokka. Your bite misses the quokka.
The quokka is heavily wounded.
The quokka bites you. x2
You hit the quokka but do no damage.
The quokka is heavily wounded.
The quokka bites you but does no damage.
The quokka closely misses you.
You closely miss the quokka.
The quokka is heavily wounded.
The quokka bites you. The quokka barely misses you.
You miss the quokka.
The quokka is heavily wounded.
The quokka closely misses you. The quokka misses you.
You hit the quokka but do no damage. Your bite misses the quokka.
The quokka bites you. x2
* * * LOW HITPOINT WARNING * * *
You aren't carrying any scrolls.
Okay, then.
Aiming: Magic Dart (safe; 3% risk of failure)
Press: ? - help, Q - select action Shift-Dir - straight line, f/p - quokka
Aim: a quokka (100% to hit)
The magic dart hits the quokka.
The quokka is severely wounded.
The quokka bites you.
You die...

#### #.[ #... ..
♣♣#... ##.. ♣.#...
#.. ♣.#... #..
♣.#... #.♣♣ ♣♣
♣.†... #..♣♣ .♣
♣♣#... #@♣.♣♣.♣
♣.#... #r♣♣..♣
♣♣.....
#..♣..♣♣♣♣♣♣.#####
#...♣♣....♣.♣♣
#.###....♣...#
#.##.........####
#.##.#...##>....#
..##.#.########.##
#.#.###### #.#.


You could see a quokka.

Vanquished Creatures
  A dart slug (D:1)
  An endoplasm (D:1)
  6 goblins (D:1)
  A hobgoblin (D:1)
  2 kobolds (D:1)
  A quokka (D:1)
  2 ball pythons (D:1)
  2 bats (D:1)
  A frilled lizard (D:1)
  A rat (D:1)
18 creatures vanquished.

Notes
Turn   | Place    | Note
-------+----------+-------------------------------------------
     0 | D:1      | adizb the Vine Stalker Conjurer began the quest for the
                  | Orb.
     0 | D:1      | Reached XP level 1. HP: 9/9 MP: 4/4
   135 | D:1      | Reached XP level 2. HP: 11/13 MP: 0/6
   707 | D:1      | Slain by a quokka

Illustrated notes

Levels and vault maps discovered:
D:1:      amcnicky_arrival_wind_blow, layout_basic,
          chequers_ecumenical_altar_grove, st_stairs_1

Action                   || total
-------------------------++-------
Melee: Broad axe         ||    11
       Dagger            ||     2
       Bite              ||     1
 Cast: Magic Dart        ||    31
Armor: Robe              ||     5
Dodge: Dodged            ||    10
